 Dungeon Crawl Stone Soup version 0.18.1-48-g4cf74bf (webtiles) character file.

600 GapingDragon the Changer (level 7, -1/43 HPs)
             Began as an Octopode Transmuter on July 8, 2016.
             Killed from afar by Dowan (22 damage)
             ... with a stone arrow
             ... on level 4 of the Dungeon.
             The game lasted 00:15:48 (4261 turns).

GapingDragon the Changer (Octopode Transmuter)      Turns: 4261, Time: 00:15:49

Health: -1/43      AC:  2    Str: 10    XL:     7   Next: 41%
Magic:  6/10       EV: 19    Int: 17    God:
Gold:   140        SH:  0    Dex: 17    Spells: 3 memorised, 1 level left

rFire  . . .     SeeInvis .       - Unarmed
rCold  . . .     Gourm    .     (shield currently unavailable)
rNeg   . . .     Faith    .     (helmet currently unavailable)
rPois  x         Spirit   .     (no amulet)
rElec  .         Dismiss  .     i - ring of stealth
rCorr  .         Reflect  .     (no ring)
SustAt .         Harm     .     (no ring)
MR     .....                    (no ring)
Stlth  +++.......               (no ring)
                                (no ring)
                                (no ring)
                                (no ring)

@: spider-form (expiring), very slightly contaminated, not resistant to hostile
enchantments, fairly stealthy
A: almost no armour, (amphibious), 8 rings, (constrict 8), (camouflage 0),
(gelatinous body 0)
a: End Transformation


You were on level 4 of the Dungeon.
You were not hungry.
You were a venomous arachnid creature.
You visited 1 branch of the dungeon, and saw 4 of its levels.

You collected 140 gold pieces.

Inventory:

Hand Weapons
 d - a +0 short sword of protection (melded)
 l - a +0 dagger of draining
Missiles
 a - 82 arrows
 e - 4 javelins (quivered)
Armour
 q - a cursed +0 large shield
 u - a +0 buckler (melded)
Jewellery
 i - a ring of stealth (left front leg)
Scrolls
 f - a scroll of identify
 k - 5 scrolls of teleportation
 m - a scroll of magic mapping
 p - a scroll of fog
 t - 2 scrolls of fear
Potions
 j - a potion of berserk rage
 n - a potion of curing
 o - a potion of cure mutation
Books
 b - a book of Changes

   Spells                             Type                      Level
   a - Beastly Appendage              Transmutation                1
   b - Sticks to Snakes               Transmutation                2
   c - Spider Form                    Transmutation/Poison         3
   d - Ice Form                       Ice/Transmutation            4
   e - Blade Hands                    Transmutation                5
Comestibles
 c - 5 bread rations
 g - 2 beef jerkies
 h - 5 fruits
 s - a meat ration


   Skills:
 - Level 1.0 Fighting
 - Level 2.0 Dodging
 + Level 2.2 Shields
 - Level 3.0 Unarmed Combat
 - Level 2.0 Spellcasting
 + Level 7.6 Transmutations


You had one spell level left.
You knew the following spells:

 Your Spells              Type           Power        Failure   Level  Hunger
a - Beastly Appendage     Trmt           ####..       4%          1    #......
b - Spider Form           Trmt/Pois      ##........   32%         3    ###....
c - Blade Hands           Trmt           ####......   45%         5    ######.


Dungeon Overview and Level Annotations

Branches:
Dungeon (4/15)
 Temple: D:4-7

Altars:
Makhleb
Okawaru
Pakellas
Qazlal
Vehumet

Annotations:
D:4 Dowan


Innate Abilities, Weirdness & Mutations

You cannot wear most types of armour.
((You are amphibious.))
You can wear up to eight rings at the same time.
((You can use your tentacles to constrict eight enemies at once.))
((Your skin changes colour to match your surroundings (Stealth).))
((Your rubbery body absorbs attacks (AC +1).))


Message History

Duvessa is severely wounded.
Duvessa misses you.
You hit Duvessa.
Duvessa is almost dead.
Duvessa hits you with a short sword!
You hit Duvessa but do no damage.
Duvessa is almost dead.
Duvessa barely misses you.
Duvessa says, "My weaknesses are his strengths!"
You kill Duvessa!
You hear a distant wail of despair.
Your Shields skill increases to level 2!
Your transformation is almost over.
Dowan seems to find hidden reserves of power!
You hit Dowan.
Dowan is poisoned.
Dowan is lightly wounded.
Dowan points at you and mumbles some strange words.
The stone arrow hits you!
Ouch! That really hurt!
You die...

##............<...........#
##.......................#
##...e.................#.
##...>...............###
##.................## #
##..................###
#(####...###.........###..##
#.........#####..##### ##...
##...#####es..#### ###. #..
###### ## ##


You could see Dowan.

Vanquished Creatures
  Duvessa (D:4)
  2 phantoms
  A gnoll shaman (D:4)
  Terence (D:2)
  A worker ant (D:4)
  Natasha (D:4)
  An iguana (D:4)
  Robin (D:2)
  3 gnolls (D:4)
  5 adders
  5 giant geckos
  5 orcs
  5 bats
  3 giant cockroaches
  19 goblins
  16 hobgoblins
  7 jackals
  9 kobolds
  A quokka (D:4)
  A ball python (D:1)
  A giant newt (D:2)
  8 rats
97 creatures vanquished.

Notes
Turn   | Place    | Note
--------------------------------------------------------------
     0 | D:1      | GapingDragon the Octopode Transmuter began the quest for the Orb.
     0 | D:1      | Reached XP level 1. HP: 13/13 MP: 3/3
   266 | D:1      | Reached XP level 2. HP: 16/18 MP: 5/5
   378 | D:1      | Reached skill level 3 in Transmutations
   716 | D:1      | Reached XP level 3. HP: 23/23 MP: 6/6
   915 | D:1      | Learned a level 3 spell: Spider Form
  1221 | D:2      | Noticed Terence
  1230 | D:2      | Killed Terence
  1230 | D:2      | Reached skill level 4 in Transmutations
  1230 | D:2      | Reached XP level 4. HP: 28/28 MP: 7/7
  1245 | D:2      | Noticed Robin
  1287 | D:2      | Killed Robin
  1552 | D:2      | Reached skill level 5 in Transmutations
  1552 | D:2      | Reached XP level 5. HP: 27/33 MP: 8/8
  2023 | D:3      | Found an iron altar of Okawaru.
  2026 | D:3      | Found a stormy altar of Qazlal.
  2029 | D:3      | Found an oddly glowing altar of Pakellas.
  2040 | D:3      | Found a radiant altar of Vehumet.
  2140 | D:3      | Found a faded altar to an unknown god.
  2504 | D:3      | Found a burning altar of Makhleb.
  2700 | D:4      | Noticed Natasha
  2700 | D:4      | Noticed a phantom
  3137 | D:3      | Killed a phantom
  3137 | D:3      | Reached skill level 6 in Transmutations
  3137 | D:3      | Reached XP level 6. HP: 6/38 MP: 9/9
  3451 | D:4      | Killed Natasha
  3765 | D:4      | Reached skill level 7 in Transmutations
  3952 | D:4      | Noticed a phantom
  3968 | D:4      | Learned a level 5 spell: Blade Hands
  4049 | D:4      | Killed a phantom
  4049 | D:4      | Reached skill level 1 in Shields
  4049 | D:4      | Reached XP level 7. HP: 20/43 MP: 7/10
  4238 | D:4      | Noticed Dowan
  4240 | D:4      | Noticed Duvessa
  4257 | D:4      | Killed Duvessa
  4261 | D:4      | Killed from afar by Dowan

Skill      XL: |  1  2  3  4  5  6  7 |
---------------+----------------------+-----
Transmutations | 3 4 5 6 7 |  7.6
Shields        | 1 2 |  2.2
Fighting       | |  1.0
Dodging        | |  2.0
Unarmed Combat | |  3.0
Spellcasting   | |  2.0

Action                   |  1- 3 |  4- 6 |  7- 9 || total
-------------------------+-------+-------+-------++-------
Melee: Unarmed           |    28 |    29 |    10 ||    67
       Constrict         |    23 |    34 |     3 ||    60
       Short sword       |    55 |   158 |     7 ||   220
       Tentacles         |     8 |    29 |     1 ||    38
       Punch             |       |     2 |       ||     2
Throw: Javelin           |     3 |    21 |     2 ||    26
 Cast: Spider Form       |       |     4 |     1 ||     5
  Use: Scroll            |     7 |     4 |       ||    11
       Potion            |       |     3 |       ||     3
 Stab: Sleeping          |     5 |     6 |       ||    11
       Distracted        |       |     1 |       ||     1
  Eat: Chunk             |     1 |    10 |     2 ||    13
Armor: Skin              |    21 |    35 |     3 ||    59
Dodge: Dodged            |    41 |   112 |    10 ||   163
Block: Buckler           |       |     1 |     2 ||     3
